 Dungeon Crawl Stone Soup version 0.22-a0-558-gc224181 (webtiles) character file.

80 iamserjio the Chopper (level 4, -1/28 HPs)
             Began as a Gargoyle Fighter on June 26, 2018.
             Slain by a worker ant (4 damage)
             ... on level 4 of the Dungeon.
             The game lasted 00:02:26 (387 turns).

iamserjio the Chopper (Gargoyle Fighter)             Turns: 387, Time: 00:02:26

Health: -1/28      AC: 10    Str: 26    XL:     4   Next: 39%
Magic:  4/4        EV:  7    Int:  8    God:
Gold:   59         SH:  9    Dex:  9    Spells: 3/3 levels left

rFire    . . .     SeeInvis .   a - +0 war axe
rCold    . . .     Gourm    .   c - +0 shield
rNeg     + . .     Faith    .   b - +0 scale mail
rPois    ∞         Spirit   .   (no helmet)
rElec    +         Reflect  .   (no cloak)
rCorr    .         Harm     .   (no gloves)
MR       .....                  (no boots)
Stlth    ..........             (no amulet)
HPRegen  0.09/turn              (no ring)
MPRegen  0.09/turn              (no ring)

@: mighty
A: negative energy resistance 1, electricity resistance, unbreathing,
petrification resistance, rot immunity, AC +3
a: no special abilities


You were on level 4 of the Dungeon.
You were not hungry.

You visited 1 branch of the dungeon, and saw 3 of its levels.

You collected 59 gold pieces.

Inventory:

Hand Weapons
 a - a +0 war axe (weapon)
Armour
 b - a +0 scale mail (worn)
 c - a +0 shield (worn)
Scrolls
 e - 5 scrolls of identify {unknown}
 g - 3 scrolls of random uselessness {unknown}
Potions
 d - a potion of might
Comestibles
 f - 2 rations


   Skills:
 - Level 3.2 Fighting
 + Level 4.1 Axes
 - Level 3.2 Armour
 - Level 3.2 Shields


You had 3 spell levels left.
You didn't know any spells.
Your spell library was empty.

Dungeon Overview and Level Annotations

Branches:
Dungeon (2/15)

Altars:


Innate Abilities, Weirdness & Mutations

You are resistant to torment.
Your stone body is resilient. (AC +3)
You are immune to poison.
You resist negative energy. (rN+)
You are resistant to electric shocks. (rElec)
You can survive without breathing.
You are immune to petrification.
You are immune to rotting.


Message History

You block the orc priest's attack. The orc wizard hits you with a dagger.
* * * LOW HITPOINT WARNING * * *
The worker ant bites you but does no damage.
You slash the orc priest!
You kill the orc priest!
Your Axes skill increases to level 4!
You have reached level 4!
You feel stronger.
You barely miss the quokka. You closely miss the orc wizard.
You closely miss the worker ant.
The orc wizard hits you but does no damage.
The quokka barely misses you. The worker ant closely misses you.
You block the orc wizard's attack. The quokka barely misses you.
You block the worker ant's attack.
Your shield and scale mail prevent you from hitting the orc wizard.
The orc wizard is moderately wounded.
You completely miss the quokka. You slash the worker ant!
The orc wizard hits you but does no damage.
The quokka closely misses you. The worker ant bites you.
You die...

.......# .......+
....... .......#
######...$... .......#
............ .......#
........... .......##
.......... ........#
#.........
........#######a)r......
#>......'.....'.@o......
#.##†...#######..†####.#
#. #....# #...# #.
#....# ##### #) #(...#
#....# #..... #....#.


You could see a worker ant, an orc wizard and a quokka.

Vanquished Creatures
  An orc priest (D:4)
  An iguana (D:4)
  A leopard gecko (D:2)
  2 orcs (D:4)
  A ball python (D:1)
  2 bats (D:1)
  A giant cockroach (D:1)
  2 goblins (D:1)
  A hobgoblin (D:1)
  A quokka (D:4)
  9 rats
22 creatures vanquished.

Notes
Turn   | Place    | Note
-------+----------+-------------------------------------------
     0 | D:1      | iamserjio the Gargoyle Fighter began the quest for the Orb.
     0 | D:1      | Reached XP level 1. HP: 14/14 MP: 1/1
    75 | D:1      | Reached skill level 2 in Axes
   149 | D:1      | Reached XP level 2. HP: 19/19 MP: 2/2
   356 | D:2      | You fall through a shaft for 2 floors!
   365 | D:4      | Reached skill level 3 in Axes
   365 | D:4      | Reached XP level 3. HP: 5/23 MP: 3/3
   386 | D:4      | Reached skill level 4 in Axes
   386 | D:4      | Reached XP level 4. HP: 3/28 MP: 4/4
   387 | D:4      | Slain by a worker ant

Vault maps used:
D:1:      roderic_octagonal_star, minmay_gold_behind_fungi
D:4:      nicolae_overflow_hidden_temple, serial_shops,
          nicolae_shop_behind_doors, tgw_xom

Skill      XL: |  1  2  3 |
---------------+----------+-----
Axes           | 2 3 4 |  4.1
Fighting       | |  3.2
Armour         | |  3.2
Shields        | |  3.2

Action                   |  1- 3 |  4- 6 || total
-------------------------+-------+-------++-------
Melee: War axe           |    58 |     1 ||    59
  Use: Potion            |     1 |       ||     1
Armor: Scale mail        |    42 |     2 ||    44
Dodge: Dodged            |    22 |     4 ||    26
Block: Shield            |    31 |     2 ||    33

Table legend:
 A = Spawn XP
 B = Non-spawn XP
 C = Spawn XP percentage of total XP
 D = Spawn monster count
 E = Non-spawn monster count
 F = Spawn count percentage of total count
 G = Total turns spent on level
                    A         B        C        D         E        F      G
               +---------+---------+-------+---------+---------+-------+---------
         Total |       0 |     115 |   0.0 |       0 |      22 |   0.0 |   387
               +---------+---------+-------+---------+---------+-------+---------
           D:1 |       0 |      21 |   0.0 |       0 |      15 |   0.0 |   225
           D:2 |       0 |       4 |   0.0 |       0 |       2 |   0.0 |   131
           D:4 |       0 |      90 |   0.0 |       0 |       5 |   0.0 |    31
               +---------+---------+-------+---------+---------+-------+---------
